 Dungeon Crawl Stone Soup version 0.22-a0-224-g8cf3520 (webtiles) character file.

7 Amnesiac the Charlatan (level 1, -1/10 HPs)
             Began as a Spriggan Artificer on Feb 20, 2018.
             Slain by a quokka (5 damage)
             ... on level 2 of the Dungeon.
             The game lasted 00:02:09 (430 turns).

Amnesiac the Charlatan (Spriggan Artificer)          Turns: 430, Time: 00:02:10

Health: -1/10      AC:  2    Str:  8    XL:     1   Next: 83%
Magic:  4/4        EV: 18    Int: 12    God:
Gold:   28         SH:  0    Dex: 16    Spells: 0/0 levels left

rFire    . . .     SeeInvis +   a - +0 short sword
rCold    . . .     Gourm    .   (shield restricted)
rNeg     . . .     Faith    .   b - +0 robe
rPois    .         Spirit   .   (helmet restricted)
rElec    .         Reflect  .   (no cloak)
rCorr    .         Harm     .   (gloves unavailable)
MR       .....                  (boots unavailable)
Stlth    ++........             (no amulet)
HPRegen  0.03/turn              (no ring)
MPRegen  0.09/turn              (no ring)

@: very quick
A: very small, unfitting armour, see invisible, herbivore, speed 3, slow
metabolism 2
a: no special abilities


You were on level 2 of the Dungeon.
You were not hungry.

You visited 1 branch of the dungeon, and saw 2 of its levels.

You collected 28 gold pieces.

Inventory:

Hand Weapons
 a - a +0 short sword (weapon)
Missiles
 i - 18 stones (quivered)
Armour
 b - a +0 robe (worn)
Wands
 c - a wand of flame (15)
 d - a wand of enslavement (15)
 e - a wand of random effects (15)
Scrolls
 g - a scroll of identify {!r, unknown}
Potions
 h - a potion of flight {!q, unknown}
 j - a potion of resistance {!q, unknown}
 k - a potion of haste {!q, unknown}
Comestibles
 f - a ration


   Skills:
 + Level 1.0 Fighting
 - Level 1.1 Short Blades
 - Level 3.0 Dodging
 - Level 1.5 Stealth
 * Level 4.4 Evocations


You couldn't memorise any spells.
You didn't know any spells.

Dungeon Overview and Level Annotations

Branches:
Dungeon (2/15)

Altars:


Innate Abilities, Weirdness & Mutations

You are very small and have problems with some larger weapons.
You are too small for most types of armour.
You have supernaturally acute eyesight. (SInv)
You are a herbivore.
You cover ground extremely quickly.
You need consume almost no food.


Message History

The kobold shouts!
The kobold is too close now for your liking.
A kobold is nearby!
A kobold is nearby!
The kobold throws a stone.
The stone misses you.
You see here a stone.
A kobold comes into view.
Found 10 gold pieces.
You see here 10 gold pieces.
You now have 10 gold pieces.
You closely miss the kobold. You hit the kobold.
You kill the kobold!
The kobold throws a stone.
The stone hits you.
Things that are here:
a stone; a kobold corpse A kobold is nearby!
An adder comes into view.
The adder hisses angrily.
You hit the kobold but do no damage. The kobold misses you.
You closely miss the kobold. The kobold completely misses you.
i - 18 stones (gained 1)
There are no items here.
Found 18 gold pieces.
Found a lumpy yellow potion.
A hobgoblin comes into view. It is wielding a club.
You now have 28 gold pieces (gained 18).
There are no items here.
You barely miss the hobgoblin.
The hobgoblin hits you but does no damage.
The frilled lizard hisses angrily.
You hit the hobgoblin.
The hobgoblin is severely wounded.
The hobgoblin misses you.
You hit the hobgoblin but do no damage.
The hobgoblin is severely wounded.
The hobgoblin completely misses you. The hobgoblin hits you.
You hit the hobgoblin but do no damage.
The hobgoblin is severely wounded.
The hobgoblin hits you with a club.
* * * LOW HITPOINT WARNING * * *
The hobgoblin closely misses you. The frilled lizard closely misses you.
The frilled lizard misses you.
You see here a lumpy yellow potion {!q}.
k - a lumpy yellow potion {!q} The frilled lizard completely misses you.
The hobgoblin barely misses you.
A quokka comes into view.
You swing at nothing.
You barely miss the frilled lizard. The frilled lizard misses you.
You closely miss the frilled lizard. The frilled lizard bites you.
* * * LOW HITPOINT WARNING * * *
You hit the frilled lizard.
You kill the frilled lizard!
The quokka misses you.
You hit the quokka.
The quokka is heavily wounded.
The quokka barely misses you.
You barely miss the quokka.
The quokka is heavily wounded.
The quokka bites you.
Ouch! That really hurt!
You die...

## ###.###
#.###.###.......
..r....#@# #
#######
#.#####r## .#
......#
#......g###...
#####.#
######.g......
.# #.# #...##...
.# #.# #...# #
.# ##.## #...#
####...##
#...#######
....###.##
#.........#


You could see a quokka and 2 hobgoblins.

Vanquished Creatures
  A bat (D:2)
  2 hobgoblins (D:2)
  A frilled lizard (D:2)
  A kobold (D:2)
  2 rats
7 creatures vanquished.

Notes
Turn   | Place    | Note
-------+----------+-------------------------------------------
     0 | D:1      | Amnesiac the Spriggan Artificer began the quest for the Orb.
     0 | D:1      | Reached XP level 1. HP: 9/9 MP: 4/4
   153 | D:2      | Reached skill level 1 in Fighting
   430 | D:2      | Slain by a quokka

Vault maps used:
D:1:      eino_arrival_cavern_b, minmay_ruptured

Skill      XL: |  1 |
---------------+----+-----
Fighting       | 1 |  1.0
Short Blades   | |  1.1
Dodging        | |  3.0
Stealth        | |  1.5
Evocations     | |  4.4

Action                   || total
-------------------------++-------
Melee: Short sword       ||    31
 Stab: Sleeping          ||     2
Armor: Robe              ||     5
Dodge: Dodged            ||    29

Table legend:
 A = Spawn XP
 B = Non-spawn XP
 C = Spawn XP percentage of total XP
 D = Spawn monster count
 E = Non-spawn monster count
 F = Spawn count percentage of total count
 G = Total turns spent on level
                    A         B        C        D         E        F      G
               +---------+---------+-------+---------+---------+-------+---------
         Total |       0 |      10 |   0.0 |       0 |       7 |   0.0 |   430
               +---------+---------+-------+---------+---------+-------+---------
           D:1 |       0 |       1 |   0.0 |       0 |       1 |   0.0 |    36
           D:2 |       0 |       9 |   0.0 |       0 |       6 |   0.0 |   394
               +---------+---------+-------+---------+---------+-------+---------
